 Dungeon Crawl Stone Soup version 0.31-a0-161-gb58dd9be76 (webtiles) character file.

Game seed: 17448005468939441825

802 qw the Shooter (level 7, -5/66 HPs)
             Began as a Naga Hunter on June 12, 2023.
             Was a Follower of Okawaru.
             Slain by an orc priest
             ... wielding a +0 morningstar
              (11 damage)
             ... on level 5 of the Dungeon.
             The game lasted 00:01:06 (3848 turns).

qw the Shooter (Naga Hunter)                        Turns: 3848, Time: 00:01:07

Health: -5/66      AC:  5    Str: 14    XL:     7   Next: 90%
Magic:  8/8        EV: 12    Int:  9    God:    Okawaru [*.....]
Gold:   291        SH:  0    Dex: 16    Spells: 6/6 levels left

rFire   . . .        Y - +0 shortbow (elec)
rCold   + + .        (shield currently unavailable)
rNeg    . . .        c - +0 leather armour
rPois   +            (no helmet)
rElec   .            (no cloak)
rCorr   .            d - +0 pair of gloves
SInv    +            (no barding)
Will    .....        (no amulet)
Stlth   +++          i - ring of protection from cold
HPRegen 0.31/turn    n - ring of protection from cold
MPRegen 0.11/turn

%: no passive effects
@: short of breath, heroic, very slow
A: AC +2, large, see invisible, deformed body, poison resistance, slowness 2,
spit poison 1, naga tail 1
a: Spit Poison, Renounce Religion, Heroism


You were on level 5 of the Dungeon.
You worshipped Okawaru.
Okawaru was aware of your devotion.
You visited 1 branch of the dungeon, and saw 5 of its levels.
You also visited: Sewer.

You collected 291 gold pieces.


Innate Abilities, Weirdness & Mutations

Your serpentine skin is tough. (AC +2)
You have supernaturally acute eyesight. (SInv)
Armour fits poorly on your strangely shaped body.
Your system is resistant to poisons. (rPois)
You cover ground very slowly.
You can spit poison.
You have a snake-like lower body.


   Skills:
 - Level 4.5(9.5) Fighting
 + Level 7.3(12.3) Ranged Weapons
 - Level 2.1(7.1) Dodging
 - Level 1.5(6.5) Stealth
 - Level 2.0 Invocations


You had 6 spell levels left.
You didn't know any spells.
Your spell library was empty.

Inventory:

Hand Weapons
 Y - a +0 shortbow of electrocution (weapon)
Armour
 c - a +0 leather armour (worn)
 d - a +0 pair of gloves (worn)
Jewellery
 i - a ring of protection from cold (left hand)
 n - a ring of protection from cold (right hand)
Scrolls
 e - 2 scrolls of identify
 o - a scroll of noise {unknown}
Potions
 a - a potion of brilliance {unknown}
 b - a potion of cancellation
 f - a potion of might
 g - 3 potions of curing
 h - a potion of degeneration {unknown}
 j - a potion of ambrosia {unknown}
 k - a potion of resistance {unknown}
 l - a potion of magic
 m - a potion of mutation {unknown}

Dungeon Overview and Level Annotations

Branches:
Dungeon (5/15)              Sewer (visited)
 Temple: D:4-7

Altars:
Cheibriados
Hepliaklqana
Okawaru
Qazlal
Trog
Uskayaw

Shops:
D:3 (

Annotations:
D:4 1 runed translucent door, Crazy Yiuf
D:5 Prince Ribbit


Message History

The orc priest looks encouraged for a moment.
You shoot an arrow. The arrow hits the orc.
The orc is lightly wounded.
Prince Ribbit blinks!
You shoot an arrow.
The arrow hits the orc but does no damage.
Lightning courses through the orc!
You kill the orc!
Okawaru accepts your kill.
You have got your breath back.
The orc priest invokes the aid of Beogh against you.
The orc wizard struggles to resist.
Prince Ribbit blinks!
3842 ||| INVOKING Spit Poison.
Aiming: Spit Poison (1% risk of failure)
Press: ? - help, Shift-Dir - straight line, f - orc wizard The splash of poison hits the orc wizard.
The orc wizard is poisoned.
The orc wizard is lightly wounded.
You shoot an arrow. The arrow misses Prince Ribbit.
The arrow hits the orc wizard but does no damage.
The orc wizard is lightly wounded.
Prince Ribbit hits you.
You shoot an arrow. The arrow closely misses Prince Ribbit.
The arrow hits the orc priest but does no damage.
Prince Ribbit hits you.
You shoot an arrow. The arrow hits Prince Ribbit!
Prince Ribbit is almost dead.
Prince Ribbit hits you!
The orc wizard hits you but does no damage.
You shoot an arrow. The arrow barely misses Prince Ribbit.
Prince Ribbit completely misses you.
You shoot an arrow. The arrow misses Prince Ribbit.
Prince Ribbit blinks!
The orc wizard hits you but does no damage.
You shoot an arrow. The arrow hits the orc wizard!
You kill the orc wizard!
Okawaru accepts your kill.
You can now gain great but temporary skills.
The orc priest hits you with a +0 morningstar!
You die...

#.......#######...##......#...
#........#........#.......'...
#........#........#.......#...
#........#........#.......#...
#........#...##'####......#...
#.....#####'###...##......#...
##'#######...##...#.......#...
#.............'...#.......#...
#...........)@#...#.......#...
#...........o.#...##......#
#.....##....###############
#.....##.F..# +......#......
#......#.......
#......#....... #..


You could see Prince Ribbit and an orc priest.

Vanquished Creatures
  Grinder (D:3)
  A black bear (D:5)
  An ogre (D:4)
  A kobold brigand (Sewer)
  A howler monkey (D:4)
  A hound (D:5)
  3 jellies
  Natasha (D:3)
  2 iguanas
  2 orc wizards (D:5)
  2 adders
  A shadow imp (D:5)
  2 worms (Sewer)
  4 dart slugs
  7 orcs
  4 ball pythons
  4 endoplasms
  4 giant cockroaches
  4 goblins
  6 hobgoblins
  3 jackals (D:1)
  9 kobolds
  2 quokkas (D:1)
  5 bats
  11 rats
82 creatures vanquished.

Notes
Turn   | Place    | Note
-------+----------+-------------------------------------------
     0 | D:1      | qw the Naga Hunter began the quest for the Orb.
     0 | D:1      | Reached XP level 1. HP: 19/19 MP: 1/1
     0 | D:1      | 0 ||| qw: Version: 0.2-a-29-gc1b59c4
     0 | D:1      | 0 ||| qw: Game counter: 4229
     0 | D:1      | 0 ||| qw: Always use a shield: true
     0 | D:1      | 0 ||| qw: God list: Okawaru
     0 | D:1      | 0 ||| qw: Allow faded altars: false
     0 | D:1      | 0 ||| qw: Do Orc after D:15 true
     0 | D:1      | 0 ||| qw: Do second Lair branch before Depths: true
     0 | D:1      | 0 ||| qw: Lair rune preference: random
     0 | D:1      | 0 ||| qw: Plans: Normal
     0 | D:1      | 0 ||| PLANNING D:1-11
    40 | D:1      | 40 ||| INVOKING Spit Poison.
    50 | D:1      | 50 ||| INVOKING Spit Poison.
    59 | D:1      | 59 ||| INVOKING Spit Poison.
    72 | D:1      | 72 ||| INVOKING Spit Poison.
    73 | D:1      | Reached skill level 4 in Ranged Weapons
    73 | D:1      | Reached XP level 2. HP: 26/26 MP: 2/2
    82 | D:1      | 82 ||| INVOKING Spit Poison.
   131 | D:1      | 131 ||| INVOKING Spit Poison.
   297 | D:1      | 297 ||| INVOKING Spit Poison.
   301 | D:1      | 301 ||| INVOKING Spit Poison.
   306 | D:1      | 306 ||| INVOKING Spit Poison.
   368 | D:1      | 368 ||| INVOKING Spit Poison.
   426 | D:1      | 426 ||| INVOKING Spit Poison.
   580 | D:1      | 580 ||| INVOKING Spit Poison.
   582 | D:1      | Reached XP level 3. HP: 32/32 MP: 3/3
   911 | D:1      | 911 ||| READING scroll labelled POAFOHUISCH.
   912 | D:1      | 912 ||| READING 2 scrolls labelled ONIOWK ULAER.
   913 | D:1      | 913 ||| READING scroll labelled ZEMOUPS MATZAO.
   914 | D:1      | 914 ||| DROPPING scroll of butterflies.
   952 | D:2      | 952 ||| INVOKING Spit Poison.
  1036 | D:2      | 1036 ||| INVOKING Spit Poison.
  1044 | D:2      | 1044 ||| INVOKING Spit Poison.
  1138 | D:2      | 1138 ||| INVOKING Spit Poison.
  1338 | D:2      | 1338 ||| INVOKING Spit Poison.
  1368 | D:2      | 1368 ||| INVOKING Spit Poison.
  1372 | D:2      | 1372 ||| INVOKING Spit Poison.
  1405 | D:2      | 1405 ||| INVOKING Spit Poison.
  1408 | D:2      | 1408 ||| INVOKING Spit Poison.
  1602 | D:2      | 1602 ||| UPGRADING to +0 pair of gloves.
  1607 | D:2      | 1607 ||| UPGRADING to ring of protection from cold.
  1608 | D:2      | 1608 ||| READING scroll labelled YQIRHO SUORAZE.
  1609 | D:2      | 1609 ||| READING scroll labelled VIUTZA GURY.
  1623 | D:3      | 1623 ||| PLANNING SEWER
  1630 | D:3      | Found a glowing drain.
  1638 | D:3      | 1638 ||| FLEEEEING.
  1645 | D:3      | 1645 ||| STAIRDANCE
  1657 | Sewer    | Entered a sewer
  1669 | Sewer    | 1669 ||| INVOKING Spit Poison.
  1672 | Sewer    | 1672 ||| INVOKING Spit Poison.
  1702 | Sewer    | 1702 ||| INVOKING Spit Poison.
  1723 | Sewer    | 1723 ||| INVOKING Spit Poison.
  1732 | Sewer    | 1732 ||| INVOKING Spit Poison.
  1733 | Sewer    | Reached skill level 5 in Ranged Weapons
  1733 | Sewer    | Reached XP level 4. HP: 39/39 MP: 4/4
  1740 | Sewer    | Noticed a kobold brigand
  1743 | Sewer    | 1743 ||| INVOKING Spit Poison.
  1745 | Sewer    | Killed a kobold brigand
  1746 | Sewer    | Reached skill level 3 in Fighting
  1746 | Sewer    | Reached XP level 5. HP: 49/49 MP: 5/5
  1769 | Sewer    | 1769 ||| INVOKING Spit Poison.
  1923 | Sewer    | 1923 ||| DRINKING 2 silvery potions.
  1924 | Sewer    | 1924 ||| DRINKING 3 blue potions.
  1925 | Sewer    | 1925 ||| DRINKING 2 murky green potions.
  1926 | Sewer    | 1926 ||| DROPPING potion of attraction.
  1938 | D:3      | 1938 ||| PLANNING D:1-11
  1943 | D:3      | Found an iron altar of Okawaru.
  1944 | D:3      | 1944 ||| PLANNING OKAWARU WORSHIP
  1950 | D:3      | Became a worshipper of Warmaster Okawaru
  1950 | D:3      | 1950 ||| PLANNING D:1-11
  1981 | D:3      | 1981 ||| INVOKING Spit Poison.
  1986 | D:3      | Found Yrphoyh's Weapon Boutique.
  2028 | D:3      | Noticed Natasha
  2029 | D:3      | Killed Natasha
  2033 | D:3      | 2033 ||| INVOKING Spit Poison.
  2146 | D:3      | 2146 ||| INVOKING Spit Poison.
  2309 | D:3      | Noticed Grinder
  2317 | D:3      | Killed Grinder
  2317 | D:3      | Reached * piety under Okawaru
  2318 | D:3      | Reached skill level 6 in Ranged Weapons
  2318 | D:3      | Reached XP level 6. HP: 19/56 MP: 6/6
  2606 | D:3      | 2606 ||| READING scroll labelled SUQACWOXTU.
  2607 | D:3      | 2607 ||| DRINKING 2 bubbling yellow potions.
  2608 | D:3      | 2608 ||| DRINKING 2 coppery potions.
  2707 | D:4      | 2707 ||| INVOKING Spit Poison.
  2710 | D:4      | 2710 ||| INVOKING Heroism.
  2711 | D:4      | 2711 ||| INVOKING Spit Poison.
  2926 | D:4      | Found a runed translucent door.
  2927 | D:4      | Noticed Crazy Yiuf
  2983 | D:4      | 2983 ||| INVOKING Spit Poison.
  2986 | D:4      | 2986 ||| INVOKING Spit Poison.
  2987 | D:4      | Reached XP level 7. HP: 39/66 MP: 7/7
  3096 | D:4      | Found a hazy altar of Hepliaklqana.
  3150 | D:4      | 3150 ||| INVOKING Spit Poison.
  3255 | D:4      | 3255 ||| INVOKING Spit Poison.
  3281 | D:4      | 3281 ||| INVOKING Spit Poison.
  3283 | D:4      | Reached skill level 1 in Invocations
  3320 | D:4      | Found a snail-covered altar of Cheibriados.
  3320 | D:4      | Found a hide-covered altar of Uskayaw.
  3321 | D:4      | 3321 ||| INVOKING Spit Poison.
  3329 | D:4      | Found a stormy altar of Qazlal.
  3331 | D:4      | Found a faded altar of an unknown god.
  3333 | D:4      | 3333 ||| INVOKING Heroism.
  3361 | D:4      | Found a bloodstained altar of Trog.
  3407 | D:4      | 3407 ||| INVOKING Spit Poison.
  3554 | D:4      | 3554 ||| UPGRADING to ring of protection from cold.
  3570 | D:5      | Entered Level 5 of the Dungeon
  3610 | D:5      | 3610 ||| INVOKING Spit Poison.
  3613 | D:5      | 3613 ||| INVOKING Spit Poison.
  3635 | D:5      | 3635 ||| INVOKING Spit Poison.
  3638 | D:5      | 3638 ||| INVOKING Spit Poison.
  3640 | D:5      | Reached skill level 7 in Ranged Weapons
  3643 | D:5      | 3643 ||| INVOKING Spit Poison.
  3731 | D:5      | 3731 ||| INVOKING Heroism.
  3824 | D:5      | 3824 ||| INVOKING Spit Poison.
  3827 | D:5      | Noticed Prince Ribbit
  3828 | D:5      | 3828 ||| INVOKING Heroism.
  3829 | D:5      | 3829 ||| INVOKING Spit Poison.
  3834 | D:5      | 3834 ||| INVOKING Spit Poison.
  3842 | D:5      | 3842 ||| INVOKING Spit Poison.
  3845 | D:5      | HP: 5/66 [Prince Ribbit (16)]
  3848 | D:5      | Slain by an orc priest

Levels and vault maps discovered:
D:1:      lemuel_arrival_river_ford, layout_basic
D:2:      layout_basic
D:3:      layout_loops_ring, okawaru_ov_weapons_minmay, serial_shops, shop,
          portal_sewer_entry_a, chequers_serial_rivers_marsh, uniq_grinder,
          uniq_natasha
D:4:      layout_loops_cross, nicolae_hepliaklqana_hippocampus,
          chequers_temple_overflow_minitemple, uniq_crazy_yiuf_cottage
D:5:      layout_gridville, hangedman_decor_push, uniq_ijyb, uniq_prince_ribbit1

Skill      XL: |  1  2  3  4  5  6  7 |
---------------+----------------------+-----
Ranged Weapons | 4 5 6 7 |  7.3
Fighting       | 3 4 |  4.5
Invocations    | 2 |  2.0
Dodging        | 2 |  2.1
Stealth        | |  1.5

Action                     |  1- 3 |  4- 6 |  7- 9 || total
---------------------------+-------+-------+-------++-------
   Fire: Shortbow          |    70 |    41 |    50 ||   161
 Invoke: Heroism           |       |     1 |     3 ||     4
Ability: Spit Poison       |    26 |     9 |    14 ||    49
    Use: Scroll            |     5 |     1 |       ||     6
         Potion            |       |     5 |       ||     5
 Armour: Leather armour    |     5 |     1 |     3 ||     9
  Dodge: Dodged            |    18 |     5 |     6 ||    29

Table legend:
 A = Non-vault XP
 B = Vault XP
 C = Vault XP percentage of total XP
 D = Non-vault monster count
 E = Vault monster count
 F = Vault count percentage of total count
                 A         B        C        D         E       F
            +---------+---------+-------+---------+---------+-------
      Total |     744 |     438 |  37.1 |      62 |      20 |  24.4
            +---------+---------+-------+---------+---------+-------
        D:1 |      37 |       0 |   0.0 |      18 |       0 |   0.0
        D:2 |      20 |       0 |   0.0 |      13 |       0 |   0.0
        D:3 |      14 |     301 |  95.6 |       6 |       5 |  45.5
        D:4 |     288 |       0 |   0.0 |      15 |       0 |   0.0
        D:5 |     385 |       0 |   0.0 |      10 |       0 |   0.0
      Sewer |       0 |     137 | 100.0 |       0 |      15 | 100.0
            +---------+---------+-------+---------+---------+-------
